 Dungeon Crawl Stone Soup version 0.21-a0-509-gecc5317 (webtiles) character file.

326 mortelune the Digger (level 6, -1/36 HPs)
             Began as a Gargoyle Earth Elementalist on Nov 30, 2017.
             Killed from afar by Blork the orc (12 damage)
             ... with a puff of flame
             ... on level 4 of the Dungeon.
             The game lasted 00:21:49 (5630 turns).

mortelune the Digger (Gargoyle Earth Elementalist)  Turns: 5630, Time: 00:21:50

Health: -1/36      AC:  6    Str: 12    XL:     6   Next: 49%
Magic:  2/11       EV: 12    Int: 17    God:
Gold:   219        SH:  0    Dex: 10    Spells: 3/12 levels left

rFire    . . .     SeeInvis .   A - +1 whip (holy)
rCold    . . .     Gourm    .   (no shield)
rNeg     + + .     Faith    .   c - +0 robe
rPois    ∞         Spirit   .   (no helmet)
rElec    +         Reflect  .   (no cloak)
rCorr    +         Harm     .   (no gloves)
MR       .....                  (no boots)
Stlth    ++........             (no amulet)
HPRegen  0.12/turn              h - ring of resist corrosion
MPRegen  0.12/turn              q - ring of positive energy

@: no status effects
A: negative energy resistance 1, electricity resistance, unbreathing,
petrification resistance, rot immunity, AC +4
a: no special abilities


You were on level 4 of the Dungeon.
You were very hungry.

You visited 1 branch of the dungeon, and saw 4 of its levels.
You also visited: Sewer.

You collected 219 gold pieces.

Inventory:

Hand Weapons
 a - a +0 whip
 k - a +0 hand axe
 z - a +0 blowgun
 A - a +1 whip of holy wrath (weapon)
Missiles
 b - 82 stones (quivered)
 y - 32 poisoned needles
Armour
 c - a +0 robe (worn)
 E - a +2 large shield
 G - a +0 leather armour
Jewellery
 h - a ring of resist corrosion (left hand)
 q - a ring of positive energy (right hand)
Wands
 C - a wand of flame (27)
Scrolls
 g - a scroll of magic mapping
 i - a scroll of fog
 n - 3 scrolls of remove curse
 o - a scroll of amnesia {unknown}
 p - a scroll of blinking {unknown}
 s - 2 scrolls of immolation {unknown}
 v - a scroll of enchant armour {unknown}
 x - a scroll of identify
 B - a scroll of noise {unknown}
 H - a scroll of teleportation {unknown}
Potions
 j - 2 potions of heal wounds
 l - 5 potions of brilliance
 m - 2 potions of lignification
 r - 7 potions of curing
 t - 2 potions of flight
 w - 2 potions of might
 D - a potion of resistance {unknown}
 F - 2 potions of mutation {unknown}
Books
 e - a book of Geomancy

   Spells                             Type                      Level
   a - Sandblast                      Earth                        1
   b - Passwall                       Transmutation/Earth          2
   c - Stone Arrow                    Conjuration/Earth            3
   d - Petrify                        Transmutation/Earth          4
   e - Lee's Rapid Deconstruction     Earth                        5
Comestibles
 d - 3 bread rations
 f - 2 meat rations
 u - 4 royal jellies


   Skills:
 + Level 2.3 Fighting
 - Level 2.4 Dodging
 - Level 2.1 Stealth
 + Level 3.6 Spellcasting
 + Level 2.3 Conjurations
   Level 0.7 Transmutations
 + Level 5.4 Earth Magic


You had 3 spell levels left.
You knew the following spells:

 Your Spells              Type           Power        Failure   Level  Hunger
a - Sandblast             Erth           ###...       1%          1    None
b - Stone Arrow           Conj/Erth      ###...       10%         3    ###....
c - Lee's Rapid Deconstr  Erth           ###.......   43%         5    ######.


Dungeon Overview and Level Annotations

Branches:
Dungeon (4/15)
 Temple: D:4-7

Altars:
Elyvilon
Makhleb
Yredelemnul

Annotations:
D:4 Blork the orc


Innate Abilities, Weirdness & Mutations

You are resistant to torment.
Your stone body is resilient. (AC +4)
You are immune to poison.
You resist negative energy. (rN+)
You are resistant to electric shocks. (rElec)
You can survive without breathing.
You are immune to petrification.
You are immune to rotting.


Message History

Confirm with . or Enter, or press ? or * to list all spells.
Aiming: Sandblast
Press: ? - help, Shift-Dir - straight line, f/p - phantom
Aim: a phantom (severely damaged)
The blast of sand hits the phantom.
The phantom is almost destroyed.
b - 83 stones The phantom misses you.
Casting: Sandblast
Confirm with . or Enter, or press ? or * to list all spells.
Aiming: Sandblast
Press: ? - help, Shift-Dir - straight line, f/p - phantom
Aim: a phantom (almost destroyed)
The blast of sand misses the phantom.
b - 82 stones The phantom blinks!
You hear some strange, mumbled words.
A puff of flame appears from out of thin air!
The puff of flame hits you!
You die...

#.........#
#≈..♣..≈#
#≈≈...≈≈#
##...# #...##
#^.## ##.##
.# #..# .#
##@##..
#§##.#
#..#.####
##.#.#..#
#...#..####.#
##..#.......#
##..#.#######
#...W.#
#..>..#####


You could see a phantom.

Vanquished Creatures
  A howler monkey (D:4)
  A jelly (D:3)
  Ijyb (D:4)
  8 adders
  4 river rats (Sewer)
  An ooze (D:3)
  2 worms (D:2)
  A dart slug (D:2)
  4 leopard geckos
  2 orcs
  5 giant cockroaches
  5 goblins
  11 hobgoblins
  2 jackals (D:3)
  2 quokkas (D:3)
  7 ball pythons
  10 bats
  5 frilled lizards
  19 kobolds
  31 rats
122 creatures vanquished.

Vanquished Creatures (others)
  A quokka (D:4)
1 creature vanquished.

Grand Total: 123 creatures vanquished

Notes
Turn   | Place    | Note
-------+----------+-------------------------------------------
     0 | D:1      | mortelune the Gargoyle Earth Elementalist began the quest for the Orb.
     0 | D:1      | Reached XP level 1. HP: 10/10 MP: 3/3
   319 | D:1      | Reached XP level 2. HP: 15/15 MP: 3/5
   759 | D:1      | Reached skill level 4 in Earth Magic
  1224 | D:2      | Found a burning altar of Makhleb.
  1233 | D:2      | Reached XP level 3. HP: 19/19 MP: 0/6
  1771 | D:2      | Found a basalt altar of Yredelemnul.
  1990 | D:2      | Reached XP level 4. HP: 12/24 MP: 8/8
  2482 | D:2      | Learned a level 3 spell: Stone Arrow
  2910 | D:3      | Found a glowing drain.
  2938 | Sewer    | Entered a sewer
  2956 | Sewer    | Reached XP level 5. HP: 28/28 MP: 6/9
  3007 | Sewer    | Reached skill level 1 in Conjurations
  3189 | Sewer    | Reached skill level 1 in Fighting
  3477 | Sewer    | Reached skill level 5 in Earth Magic
  4275 | D:3      | Reached XP level 6. HP: 18/35 MP: 9/11
  5310 | D:4      | Learned a level 5 spell: Lee's Rapid Deconstruction
  5508 | D:4      | Noticed Ijyb
  5512 | D:4      | Killed Ijyb
  5612 | D:4      | Found a white marble altar of Elyvilon.
  5613 | D:4      | Noticed Blork the orc
  5615 | D:4      | Noticed a phantom
  5630 | D:4      | Killed from afar by Blork the orc

Vault maps used:
D:1:      dpeg_arrival_tiny_a
D:2:      old_standard_altar, lemuel_crystal_altar, kennysheep_generic_room_4
D:3:      gup_sewer_entry_bowl, serial_bayou_pond_b
D:4:      elyvilon_altar_4, uniq_blork_the_orc, uniq_eustachio, uniq_ijyb
Sewer:    sewer_minmay_treatment

Skill      XL: |  1  2  3  4  5  6 |
---------------+-------------------+-----
Earth Magic    | 4 5 |  5.4
Dodging        | 2 |  2.4
Spellcasting   | 3 |  3.6
Conjurations   | 1 2 |  2.3
Fighting       | 1 2 |  2.3
Stealth        | |  2.1
Transmutations | |  0.7

Action                   |  1- 3 |  4- 6 || total
-------------------------+-------+-------++-------
Melee: Whip              |    33 |    36 ||    69
       Hand axe          |    74 |   158 ||   232
 Cast: Sandblast         |    30 |    41 ||    71
       Stone Arrow       |       |    33 ||    33
  Use: Scroll            |       |     9 ||     9
 Stab: Sleeping          |     1 |     3 ||     4
  Eat: Chunk             |     3 |    15 ||    18
Armor: Robe              |    29 |    88 ||   117
Dodge: Dodged            |    95 |   173 ||   268

Table legend:
 A = Spawn XP
 B = Non-spawn XP
 C = Spawn XP percentage of total XP
 D = Spawn monster count
 E = Non-spawn monster count
 F = Spawn count percentage of total count
 G = Total turns spent on level
                    A         B        C        D         E        F      G
               +---------+---------+-------+---------+---------+-------+---------
         Total |       0 |     467 |   0.0 |       0 |     122 |   0.0 |  5630
               +---------+---------+-------+---------+---------+-------+---------
           D:1 |       0 |      32 |   0.0 |       0 |      19 |   0.0 |  1086
           D:2 |       0 |     105 |   0.0 |       0 |      23 |   0.0 |  1737
           D:3 |       0 |     107 |   0.0 |       0 |      28 |   0.0 |  1179
           D:4 |       0 |     106 |   0.0 |       0 |       4 |   0.0 |   341
         Sewer |       0 |     117 |   0.0 |       0 |      48 |   0.0 |  1287
               +---------+---------+-------+---------+---------+-------+---------
